 Seeded DCSS version 0.29-a0-834-g1e95ca9f62 (webtiles) character file.

Game seed: 20220712 (custom seed)

6637 flotson the Fighter (level 10, -1/89 HPs)
             Began as a Demonspawn Delver on July 13, 2022.
             Was an Initiate of Gozag.
             Succumbed to an orc sorcerer's poison
             ... in a bailey.
             The game lasted 00:15:44 (9106 turns).

flotson the Fighter (Demonspawn Delver)             Turns: 9106, Time: 00:15:45

Health: -1/89      AC: 14    Str: 16    XL:     10   Next: 72%
Magic:  10/10      EV: 17    Int: 11    God:    Gozag
Gold:   946        SH:  6    Dex: 16    Spells: 9/9 levels left

rFire   . . .      SeeInvis .   a - +2 dagger (elec)
rCold   . . .      Faith    .   (no shield)
rNeg    . . .      Spirit   .   F - +0 swamp dragon scales
rPois   +          Reflect  .   (helmet restricted)
rElec   .          Harm     .   y - +0 cloak
rCorr   .          Rampage  .   (no gloves)
Will    .....                   s - +0 pair of boots
Stlth   +++.......              (no amulet)
HPRegen 0.24/turn               r - +4 ring of protection
MPRegen 0.12/turn               A - +4 ring of evasion

@: brilliant, lethally poisoned (-1 -> -14), attractive
A: horns 1, large bone plates 2, foul stench 1, powered by death 2
a: Renounce Religion, Potion Petition, Call Merchant, Bribe Branch


You were in a bailey.
You worshipped Gozag.
Gozag was pleased with you.
You visited 2 branches of the dungeon, and saw 8 of its levels.
You also visited: Bailey.

You collected 1035 gold pieces.
You paid 89 gold pieces to Gozag.

Inventory:

Hand Weapons
 a - a +2 dagger of electrocution (weapon)
 d - a +0 broad axe
Missiles
 o - 11 boomerangs (quivered)
Armour
 s - a +0 pair of boots (worn)
 y - a +0 cloak (worn)
 F - +0 swamp dragon scales (worn)
Jewellery
 r - a +4 ring of protection (left hand)
 A - a +4 ring of evasion (right hand)
Wands
 g - a wand of digging (3)
 D - a wand of paralysis (3)
Scrolls
 b - 2 scrolls of poison {unknown}
 c - a scroll of fog
 e - 2 scrolls of fear
 h - 7 scrolls of identify {unknown}
 i - 2 scrolls of immolation {unknown}
 j - a scroll of amnesia {unknown}
 k - 2 scrolls of summoning {unknown}
 u - a scroll of teleportation {unknown}
 v - a scroll of brand weapon {unknown}
 w - a scroll of noise {unknown}
 z - a scroll of blinking {unknown}
Potions
 f - 2 potions of haste
 m - a potion of brilliance
 n - a potion of curing
 q - a potion of flight {unknown}
 t - 3 potions of attraction
 B - a potion of lignification {unknown}
 E - a potion of magic {unknown}


   Skills:
 + Level 11.9 Fighting
 + Level 4.6 Short Blades
 - Level 1.7 Polearms
 + Level 4.3 Throwing
 + Level 4.5 Armour
 + Level 5.0 Dodging
 + Level 6.9 Stealth
 + Level 5.1 Evocations


You had 9 spell levels left.
You didn't know any spells.
Your spell library contained the following spells:

 Spells                   Type           Power      Damage    Failure   Level
 Apportation              Tloc           0%         N/A       54%         1
 Necrotise                Necr           0%         1d4       54%         1
 Shock                    Conj/Air       0%         1d3       54%         1
 Summon Small Mammal      Summ           0%         N/A       54%         1
 Swiftness                Air            0%         N/A       88%         3
 Vampiric Draining        Necr           0%         2d6       88%         3
 Airstrike                Air            0%         0-1+      99%         4
 Agony                    Necr           0%         N/A       100%        5
 Freezing Cloud           Conj/Ice/Air   0%         6-21      100%        5
 Polar Vortex             Ice            0%         N/A       100%        9
 Simulacrum               Ice/Necr       Unusable   N/A       N/A         6

Dungeon Overview and Level Annotations

Branches:
Dungeon (7/15)             Temple (1/1) D:5          Bailey (1/1)

Altars:
Cheibriados
Gozag
Hepliaklqana
Trog
Wu Jian

Shops:
D:1 :[(*:

Annotations:
D:7 Prince Ribbit


Innate Abilities, Weirdness & Mutations

You have a pair of small horns on your head.
You are mostly covered in large bone plates. (SH +6)
You may rarely emit foul miasma when damaged in melee.
You regenerate health from kills.


Message History

The orc sorcerer resists.
Throw: 11 boomerangs
Press: ? - help, Q - select action, (/) - cycle Shift-Dir - straight line, f/p - orc sorcerer
Aim: an orc sorcerer, wielding the +8 trident of the Octopus King {venom, rElec rPois} and wearing a +3 ring mail (62% to hit)
You throw a boomerang.
The boomerang hits the orc sorcerer but does no damage.
The ynoxinul gestures at you. The iron shot hits you!!
The orc sorcerer hits you from afar with the +8 trident of the Octopus King {venom, rElec rPois}!
You are poisoned.
Press: ? - help, v - describe, . - travel
Here: an orc sorcerer, wielding the +8 trident of the Octopus King {venom, rElec rPois} and wearing a +3 ring mail An iron altar of Okawaru.
Unknown command.
It was a potion of attraction.
You feel attractive to monsters.
You feel very sick.
The orc sorcerer hits you from afar with the +8 trident of the Octopus King {venom, rElec rPois}.
* * * LOW HITPOINT WARNING * * *
You are lethally poisoned!
The orc sorcerer is attracted toward you.
It was a potion of brilliance.
You feel clever all of a sudden.
* * * LOW HITPOINT WARNING * * *
You feel very sick. You block the ynoxinul's attack.
The orc sorcerer hits you with the +8 trident of the Octopus King {venom, rElec rPois}!
* * * LOW HITPOINT WARNING * * *
It was a potion of curing.
You feel better. The ynoxinul gestures at you. The iron shot misses you.
The orc sorcerer hits you with the +8 trident of the Octopus King {venom, rElec rPois}!
* * * LOW HITPOINT WARNING * * *
You are lethally poisoned!
It was a potion of experience.
You feel more experienced!
Your Fighting skill gained 5 levels and is now at level 11!
You have reached level 10!
You die...
Your body crumbles into a pile of gold.

≈≈≈≈≈###.)######.######..###
≈≈≈≈≈#....#.?.#...#.[[#....#
≈≈≈≈≈#...)#.!.#...#.[[#.)..#
≈≈≈≈≈#'#'##'###8.8###+##'#+#
≈≈≈≈≈≈.#..#. #...# #..#
≈≈≈≈≈≈.#..## #8.8# #..#
≈≈≈≈≈≈.#..#. #...# #..#
≈≈≈≈≈≈.#..#.. #...# #..#
≈≈≈≈≈≈.#..#'####@####o#..#
≈≈≈≈≈≈.##'#.....o3....#)##
≈≈≈≈≈≈.#..#.....§.....#..#
≈≈≈≈≈≈.#.8#.....(.....#8.#
≈≈≈≈≈≈.#..#....((.....#..#
≈≈≈≈≈≈.#)8#############8)#
≈≈≈≈≈≈.#.....#######.....#
≈≈≈≈≈≈.#.8...#.....#...8.#
≈≈≈≈≈≈.#.....#.....#.....#


You could see a ynoxinul (summoned) and an orc sorcerer.

Vanquished Creatures
  An orc knight (Bailey)
  Maggie (D:6)
  Eustachio (D:4)
  Edmund (D:5)
  Menkaure (D:6)
  Duvessa (D:6)
  9 orc warriors (Bailey)
  2 ogres
  A phantom (D:5)
  A bullfrog (D:6)
  A scorpion (D:6)
  Dowan (D:6)
  A water moccasin skeleton (D:3)
  3 electric eels (Bailey)
  A bullfrog zombie (D:3)
  A hound (D:6)
  The ghost of purpskrrrp the Sneak, a weakling VSEn (D:3)
  2 orc priests (D:7)
  A bullfrog skeleton (D:3)
  A gnoll bouda (D:4)
  2 jellies
  An iguana (D:4)
  3 orc wizards
  Natasha (thrice) (D:2)
  15 gnolls
  9 adders
  A white imp (D:6)
  3 worms
  2 dart slugs (D:2)
  24 orcs
  6 ball pythons
  4 bats
  3 endoplasms
  2 giant cockroaches
  19 goblins
  14 hobgoblins
  A quokka (D:4)
  2 frilled lizards
  10 kobolds
  3 rats
159 creatures vanquished.

Vanquished Creatures (others)
  2 fungi (D:2)
  19 plants (D:3)
21 creatures vanquished.

Grand Total: 180 creatures vanquished

Notes
Turn   | Place    | Note
-------+----------+-------------------------------------------
     0 | D:5      | flotson the Demonspawn Delver began the quest for the Orb.
     0 | D:5      | Reached XP level 1. HP: 18/18 MP: 1/1
    12 | D:5      | Noticed Edmund
   159 | D:3      | Gained mutation: You may rarely emit foul miasma when
                  | damaged in melee. [demonic ancestry]
   159 | D:3      | Reached XP level 2. HP: 21/24 MP: 2/2
   255 | D:3      | Identified the +2 robe of Makhleb's Hatred {Dex+3}
   446 | D:3      | Gained mutation: You have a pair of small horns on your
                  | head. [demonic ancestry]
   446 | D:3      | Reached XP level 3. HP: 29/29 MP: 3/3
   696 | D:3      | Reached skill level 1 in Short Blades
   696 | D:3      | Reached skill level 1 in Armour
   696 | D:3      | Reached skill level 1 in Evocations
  1048 | D:2      | Gained mutation: You regenerate a little health from kills.
                  | [demonic ancestry]
  1048 | D:2      | Reached XP level 4. HP: 13/35 MP: 4/4
  1363 | D:2      | Found a faded altar of an unknown god.
  1565 | D:2      | Noticed Natasha
  1575 | D:2      | Killed Natasha
  1719 | D:2      | Noticed Natasha
  1726 | D:2      | Killed Natasha
  1727 | D:2      | Reached XP level 5. HP: 40/41 MP: 5/5
  1798 | D:1      | Found Moho Ped's Assorted Antiques.
  1926 | D:2      | Noticed Natasha
  1931 | D:2      | Killed Natasha
  2197 | D:5      | Found a staircase to the Ecumenical Temple.
  2202 | Temple   | Entered the Ecumenical Temple
  2350 | D:4      | Reached skill level 5 in Stealth
  2596 | D:4      | Reached skill level 1 in Throwing
  3048 | D:1      | Found Duifag's Antique Weapon Shoppe.
  3054 | D:1      | Found Poest's Armour Emporium.
  3081 | D:1      | Found Dygead's Book Emporium.
  3535 | D:1      | Found Loleror's Book Shoppe.
  3962 | D:4      | Gained mutation: You regenerate health from kills. [demonic
                  | ancestry]
  3962 | D:4      | Reached XP level 6. HP: 33/48 MP: 6/6
  4039 | Temple   | Became a worshipper of Gozag Ym Sagoz the Greedy
  4697 | D:3      | Found a hazy altar of Hepliaklqana.
  4699 | D:3      | Found a snail-covered altar of Cheibriados.
  4831 | D:3      | Found a runed translucent gate.
  4831 | D:3      | Found a runed translucent gate.
  4831 | D:3      | Found a runed translucent gate.
  4831 | D:3      | Noticed purpskrrrp's ghost (weakling VSEn)
  5171 | D:3      | Killed purpskrrrp's ghost
  5191 | D:3      | Reached skill level 4 in Fighting
  5320 | D:4      | Noticed Eustachio
  5878 | D:4      | Gained mutation: You are partially covered in large bone
                  | plates. (SH +4) [demonic ancestry]
  5878 | D:4      | Reached XP level 7. HP: 47/54 MP: 7/7
  5928 | D:4      | Killed Eustachio
  6185 | D:5      | Killed Edmund
  6702 | D:6      | Gained mutation: You are mostly covered in large bone
                  | plates. (SH +6) [demonic ancestry]
  6702 | D:6      | Reached XP level 8. HP: 61/61 MP: 8/8
  6718 | D:6      | Noticed Menkaure
  6729 | D:6      | Killed Menkaure
  6796 | D:6      | Noticed Duvessa
  6796 | D:6      | Noticed Dowan
  6807 | D:6      | Killed Dowan
  6812 | D:6      | Killed Duvessa
  7018 | D:6      | Reached skill level 5 in Fighting
  7288 | D:6      | Noticed Maggie
  7300 | D:6      | Killed Maggie
  7546 | D:7      | Found a flagged portal.
  7546 | D:7      | Noticed Prince Ribbit
  7589 | Bailey   | Entered a bailey
  7679 | Bailey   | Reached XP level 9. HP: 34/68 MP: 9/9
  7700 | Bailey   | Noticed an orc knight
  7727 | Bailey   | Killed an orc knight
  8264 | Bailey   | Reached skill level 6 in Fighting
  8264 | Bailey   | Reached skill level 5 in Evocations
  8279 | Bailey   | Reached skill level 5 in Dodging
  8370 | Bailey   | Found an iron altar of Okawaru.
  8372 | Bailey   | Noticed an orc sorcerer
  8372 | Bailey   | Noticed an orc sorcerer
  9105 | Bailey   | HP: 2/69 [orc sorcerer/the +8 trident of the Octopus King
                  | {venom, rElec rPois} (7)]
  9106 | Bailey   | Reached skill level 11 in Fighting
  9106 | Bailey   | Reached XP level 10. HP: 3/89 MP: 10/10
  9106 | Bailey   | Succumbed to an orc sorcerer's poison

Illustrated notes

Levels and vault maps discovered:
D:1:      shiori_shiawase, layout_basic, serial_shops, shop, shop,
          nicolae_shop_statue_plus, shop, shop, kennysheep_boxes
D:2:      layout_basic, shapermc_ecumenical_altar_gd, uniq_natasha
D:3:      layout_basic, chequers_temple_overflow_statue_of_worship,
          gammafunk_ghost_necromancy, columned_hall_lemuel,
          dreamdust_princess_bridge, minmay_misc_feat_square,
          serial_bayou_pond_c
D:4:      layout_loops_ring, minmay_checkerbox, uniq_eustachio
D:5:      layout_loops_ring, minmay_temple_entry_trees,
          nicolae_concentric_dashed_squares_mild, minivault_23, uniq_edmund
D:6:      layout_basic, uniq_menkaure, uniq_maggie, uniq_duvessa
D:7:      layout_gridville, enter_bailey_5, uniq_prince_ribbit1
Temple:   mainiacjoe_temple_cubbyholes
Bailey:   bailey_axe_of_yendor_kennysheep, bailey

Skill      XL: |  1  2  3  4  5  6  7  8  9 |
---------------+----------------------------+-----
Dodging        | 2 3 4 5 |  5.0
Short Blades   | 1 2 3 4 |  4.6
Armour         | 1 2 3 4 |  4.5
Evocations     | 1 2 3 4 5 |  5.1
Stealth        | 5 6 |  6.9
Throwing       | 1 2 3 4 |  4.3
Fighting       | 4 5 11 | 11.9
Polearms       | |  1.7

Action                   |  1- 3 |  4- 6 |  7- 9 | 10-12 || total
-------------------------+-------+-------+-------+-------++-------
Melee: Dagger            |    44 |   184 |   286 |       ||   514
       Spear             |     1 |       |       |       ||     1
       Headbutt          |     1 |    26 |    64 |       ||    91
       Punch             |       |     2 |     6 |       ||     8
Throw: Boomerang         |       |     3 |     9 |       ||    12
       Dart              |       |       |     5 |       ||     5
Evoke: Wand              |       |       |     3 |       ||     3
  Use: Scroll            |       |       |     1 |       ||     1
       Potion            |       |       |     4 |       ||     4
 Stab: Sleeping          |     4 |    17 |     9 |       ||    30
       Distracted        |       |     2 |     1 |       ||     3
       Paralysed         |       |       |     1 |       ||     1
Armor: Leather armour    |     4 |       |       |       ||     4
       Robe              |     5 |    38 |    14 |       ||    57
       Swamp dragon scal |       |       |    33 |       ||    33
Dodge: Dodged            |    27 |    85 |   140 |       ||   252
Block: Other             |       |       |    61 |       ||    61

Table legend: (Time is in decaauts)
 A = Elapsed time spent in this place.
 B = Non-inter-level travel time spent in this place.
 C = Inter-level travel time spent in this place.
 D = Time resting spent in this place.
 E = Time spent auto-exploring this place.
 F = Levels seen in this place.
 G = Mean time per level.
                   A        B        C        D        E       F      G
               +--------+--------+--------+--------+--------+-----+--------+
         Total |   9061 |   7628 |   1433 |   1190 |   4756 |   9 | 1006.8 |
       Dungeon |   7364 |   6061 |   1303 |    670 |   4094 |   7 | 1052.0 |
        Temple |    212 |     83 |    129 |      0 |     68 |   1 |  212.0 |
        Bailey |   1484 |   1484 |      0 |    520 |    594 |   1 | 1484.0 |
               +--------+--------+--------+--------+--------+-----+--------+

Top non-repeatable levels by time:
     D:2: 2002 daAuts
     D:3: 1734 daAuts
  Bailey: 1484 daAuts
     D:4: 1211 daAuts
     D:6: 826 daAuts
     D:1: 810 daAuts
     D:5: 675 daAuts
  Temple: 212 daAuts
     D:7: 103 daAuts
